 Dungeon Crawl Stone Soup version 0.28-a0-1435-g82390b3a13 (webtiles) character file.

Game seed: 5052265858915086066

50 Lekart the Skirmisher (level 3, -1/33 HPs)
             Began as a Draconian Fighter on Jan 9, 2022.
             Slain by a rat (3 damage)
             ... on level 2 of the Dungeon.
             The game lasted 00:01:09 (1290 turns).

Lekart the Skirmisher (Draconian Fighter)           Turns: 1290, Time: 00:01:09

Health: -1/33      AC:  5    Str: 18    XL:     3   Next: 55%
Magic:  3/3        EV: 12    Int:  8    God:
Gold:   51         SH:  0    Dex: 12    Spells: 2/2 levels left

rFire   + . .      SeeInvis .   a - +0 long sword
rCold   + . .      Faith    .   b - +0 buckler
rNeg    . . .      Spirit   .   (armour unavailable)
rPois   +          Reflect  .   (helmet restricted)
rElec   +          Harm     .   (no cloak)
rCorr   +          Rampage  .   (no gloves)
Will    .....                   (no boots)
Stlth   +.........              (no amulet)
HPRegen 0.11/turn               (no ring)
MPRegen 0.08/turn               (no ring)

@: confused, brilliant, resistant
A: AC +5, unfitting armour, cold-blooded
a: no special abilities


You were on level 2 of the Dungeon.
You visited 1 branch of the dungeon, and saw 2 of its levels.

You collected 51 gold pieces.

Inventory:

Hand Weapons
 a - a +0 long sword (weapon)
Armour
 b - a +0 buckler (worn)
Scrolls
 d - a scroll of torment {unknown}
 g - a scroll of enchant weapon {unknown}
Potions
 c - a potion of might
 e - a potion of brilliance


   Skills:
 * Level 4.0 Fighting
 + Level 2.6 Long Blades
 + Level 3.1 Dodging
 + Level 3.2 Shields


You had 2 spell levels left.
You didn't know any spells.
Your spell library was empty.

Dungeon Overview and Level Annotations

Branches:
Dungeon (2/15)

Altars:

Annotations:
D:2 Ijyb


Innate Abilities, Weirdness & Mutations

Your plain brown scales are hard. (AC +5)
You cannot fit into any form of body armour.
You are cold-blooded and may be slowed by cold attacks.


Message History

Ijyb hits you with a +0 club. The goblin hits you but does no damage.
The goblin hits you with a +0 club.
* * * LOW HITPOINT WARNING * * *
The goblin misses you. Ijyb hits you but does no damage.
The goblin hits you but does no damage.
You barely miss Ijyb.
Ijyb is almost dead.
The goblin hits you with a +0 club.
* * * LOW HITPOINT WARNING * * *
The goblin barely misses you.
Ijyb zaps a wand.
You resist with significant effort. The goblin completely misses you.
The goblin hits you but does no damage.
You miss the goblin. The goblin barely misses you.
Ijyb hits you with a +0 club.
* * * LOW HITPOINT WARNING * * *
The goblin hits you with a +0 dagger.
* * * LOW HITPOINT WARNING * * *
The goblin misses you. The goblin hits you but does no damage.
You bump into the rock wall.
Ijyb barely misses you. The goblin hits you but does no damage.
The goblin misses you. The goblin hits you but does no damage.
The goblin hits you but does no damage. The goblin barely misses you.
You're too confused to move!
Ijyb zaps a wand.
You resist with significant effort. The goblin closely misses you.
The goblin completely misses you.
You bump into the rock wall.
Ijyb zaps a wand.
You resist with significant effort. The goblin hits you but does no damage.
The goblin barely misses you.
You bump into the rock wall.
Ijyb misses you. The goblin misses you. The goblin hits you with a +0 dagger.
* * * LOW HITPOINT WARNING * * *
Unknown command.
You barely miss the rat.
Ijyb zaps a wand.
Your will is overpowered!
You are more confused.
The goblin hits you with a +0 club.
* * * LOW HITPOINT WARNING * * *
The rat barely misses you. The goblin completely misses you.
Ijyb completely misses you. The goblin hits you but does no damage.
The rat bites you.
You die...

#............(
#(..?.........
#.....)......!
+.............
#....g8g8.8.8.
+.....#########
#..............#
######..........#
#.@.gg..........#
#.rgg...........#
#...............
#.............#####
#.....>.......##...
##............#....
#............'....
#............#....
#............#....


You could see Ijyb, 3 goblins and a rat.

Vanquished Creatures
  An adder (D:2)
  4 ball pythons
  4 endoplasms
  2 giant cockroaches
  6 goblins
  5 hobgoblins
  4 jackals (D:2)
  3 kobolds
  2 bats (D:1)
  A frilled lizard (D:1)
  3 rats
35 creatures vanquished.

Notes
Turn   | Place    | Note
-------+----------+-------------------------------------------
     0 | D:1      | Lekart the Draconian Fighter began the quest for the Orb.
     0 | D:1      | Reached XP level 1. HP: 19/19 MP: 1/1
   143 | D:1      | Reached XP level 2. HP: 24/26 MP: 2/2
   706 | D:2      | Reached XP level 3. HP: 2/33 MP: 3/3
  1196 | D:2      | Reached skill level 4 in Fighting
  1249 | D:2      | Noticed Ijyb
  1290 | D:2      | Slain by a rat

Illustrated notes

Levels and vault maps discovered:
D:1:      lightli_arrival_windingriver, layout_loops_ring
D:2:      kennysheep_the_goblin_king, layout_basic,
          shapermc_ecumenical_altar_mp_vishouse

Skill      XL: |  1  2  3 |
---------------+----------+-----
Dodging        | 3 |  3.1
Fighting       | 4 |  4.0
Long Blades    | |  2.6
Shields        | |  3.2

Action                   || total
-------------------------++-------
Melee: Long sword        ||   103
       Tailslap          ||     4
  Use: Potion            ||     2
 Stab: Sleeping          ||     2
Armor: Skin              ||    66
Dodge: Dodged            ||   140
Block: Buckler           ||    34

Table legend: (Time is in decaauts)
 A = Elapsed time spent in this place.
 B = Non-inter-level travel time spent in this place.
 C = Inter-level travel time spent in this place.
 D = Time resting spent in this place.
 E = Time spent auto-exploring this place.
 F = Levels seen in this place.
 G = Mean time per level.
                   A        B        C        D        E       F      G
               +--------+--------+--------+--------+--------+-----+--------+
         Total |   1327 |   1323 |      4 |      0 |   1073 |   2 |  663.5 |
       Dungeon |   1327 |   1323 |      4 |      0 |   1073 |   2 |  663.5 |
               +--------+--------+--------+--------+--------+-----+--------+

Top non-repeatable levels by time:
     D:2: 682 daAuts
     D:1: 644 daAuts
